 Dungeon Crawl Stone Soup version 0.24.0-123-gd5b16e6ec5 (webtiles) character file.

Game seed: 13953832745657243270, levelgen mode: deterministic

9073 Bluestream the Cleaver (level 11, -6/102 HPs)
             Began as a Hill Orc Berserker on Jan 31, 2020.
             Was a High Priest of Trog.
             Mangled by a sun demon (17 damage)
             ... summoned by a kobold demonologist
             ... on level 10 of the Dungeon.
             The game lasted 00:28:39 (12010 turns).

Bluestream the Cleaver (Hill Orc Berserker)        Turns: 12010, Time: 00:28:40

Health: -6/102     AC: 10    Str: 23    XL:     11   Next: 40%
Magic:  11/11      EV:  9    Int:  7    God:    Trog [*****.]
Gold:   672        SH: 15    Dex: 11    Spells: 10/10 levels left

rFire    . . .     SeeInvis .   S - +5 hand axe
rCold    . . .     Gourm    .   A - +0 large shield
rNeg     . . .     Faith    .   E - +0 chain mail
rPois    +         Spirit   .   (no helmet)
rElec    .         Reflect  .   C - scarf {cloud immunity}
rCorr    .         Harm     .   (no gloves)
MR       .....                  (no boots)
Stlth    ..........             m - amulet of magic regeneration
HPRegen  0.27/turn              I - +3 ring of evasion
MPRegen  0.37/turn              o - ring of poison resistance

@: no status effects
A: no striking features
a: Berserk, Trog's Hand, Brothers in Arms, Renounce Religion


You were on level 10 of the Dungeon.
You worshipped Trog.
Trog was extremely pleased with you.
You were near starving.

You visited 1 branch of the dungeon, and saw 10 of its levels.
You also visited: Sewer.

You collected 696 gold pieces.
You spent 24 gold pieces at shops.

Inventory:

Hand Weapons
 a - a +0 hand axe
 e - a +2 mace of protection
 w - a +6 flail of holy wrath
 G - a +1 war axe of freezing
 S - a +5 hand axe (weapon)
Armour
 A - a +0 large shield (worn)
 C - a scarf of cloud immunity (worn)
 E - a +0 chain mail (worn)
Jewellery
 m - an amulet of magic regeneration (around neck)
 o - a ring of poison resistance (right hand)
 s - an uncursed ring of see invisible
 H - an uncursed ring of stealth
 I - a +3 ring of evasion (left hand)
 N - a +3 ring of slaying
 R - the ring "Qymas" {rC- rCorr Str+8 Dex-4, unknown}
   (You found it on level 9 of the Dungeon)

   [ring of resist corrosion]

   It affects your strength (+8).
   It affects your dexterity (-4).
   It makes you vulnerable to cold.
   It provides partial protection from all sources of acid and corrosion.
Wands
 t - a wand of digging (6)
 u - a wand of acid (10)
 J - a wand of iceblast (10)
Scrolls
 d - 3 scrolls of noise
 h - 5 scrolls of identify
 i - 3 scrolls of enchant armour
 l - a scroll of random uselessness
 n - a scroll of fear
 r - 3 scrolls of remove curse
 v - 3 scrolls of teleportation
 F - 2 scrolls of torment
 K - 2 scrolls of blinking
 M - a scroll of silence
 O - a scroll of magic mapping
 Q - 3 scrolls of amnesia
Potions
 f - a potion of degeneration
 g - 3 potions of cancellation
 j - 5 potions of lignification
 k - 2 potions of mutation
 p - 2 potions of heal wounds
 q - 3 potions of agility
 x - 4 potions of flight
 z - 6 potions of curing
 B - a potion of might
 D - a potion of magic
 L - a potion of haste
Comestibles
 c - 24 rations


   Skills:
 * Level 11.5 Fighting
 * Level 14.6 Axes
 + Level 7.1 Armour
 + Level 3.6 Dodging
 + Level 1.2 Stealth
 + Level 6.1 Shields


You had 10 spell levels left.
You didn't know any spells.
Your spell library contained the following spells:

 Spells                   Type           Power        Failure   Level  Hunger
 Animate Skeleton         Necr           N/A          100%        1    ##.....
 Pain                     Necr           #...         100%        1    ##.....
 Regeneration             Chrm/Necr      #.........   100%        3    ####...
 Vampiric Draining        Necr           #.........   100%        3    ####...
 Animate Dead             Necr           N/A          100%        4    #####..


Dungeon Overview and Level Annotations

Branches:
Dungeon (10/15)            Temple (0/1) D:5            Lair (0/6) D:10
  Sewer (visited)
    Orc: D:9-12

Altars:
Elyvilon
Fedhas
Gozag
Kikubaaqudgha
Nemelex Xobeh
Qazlal
Sif Muna
Uskayaw
Vehumet
Wu Jian
Xom
Yredelemnul
Zin

Shops:
D:4 [   D:8 *

Annotations:
D:3 dasteron's ghost, amateur HOFi


Message History

The iron imp hits you.
You hit the kobold demonologist.
The kobold demonologist is severely wounded.
You hit the iron imp.
You kill the iron imp!
You hit the iron imp but do no damage.
Your shield and chain mail prevent you from hitting the sun demon.
The sun demon hits you!
You are engulfed in flames!!
* * * LOW HITPOINT WARNING * * *
The kobold demonologist gestures wildly while chanting.
The red devil barely misses you.
You closely miss the kobold demonologist.
The kobold demonologist is severely wounded.
You hit the sun demon but do no damage. You hit the iron imp.
You kill the iron imp!
You hit the soul eater but do no damage.
The sun demon hits you!
* * * LOW HITPOINT WARNING * * *
You are engulfed in flames!
You die...

.. #y5{#Hy##
..##..5K##..## K.
.#...5###.5.## #.#
#)...##.##.#.## #..#
):.##...#..#.## #...
##|###... #.....ยง
#...##))#...###...####
#..#::##....##...
#...@3......#...#
##.3K.[....##...
#....4....#...
...##...##..##...
#...#..##...#
...##..#[.##...
#...#.....#...#
#...##...##...#
#...#...#...#


You could see a soul eater, a sun demon, a kobold demonologist and a red devil.

Vanquished Creatures
  An ogre mage (D:10)
  3 two-headed ogres (D:9)
  An unseen horror (D:10)
  A deep elf mage (D:10)
  A komodo dragon (D:10)
  A troll (D:9)
  Grinder (D:4)
  A hornet (D:7)
  A hippogriff (D:10)
  A yak (D:9)
  A spriggan (D:7)
  A vampire mosquito (D:10)
  Edmund (D:4)
  An orc warrior (D:10)
  A sky beast (D:7)
  4 ice beasts
  3 ogres
  3 phantoms
  3 centaurs
  2 necrophages (D:10)
  2 big kobolds
  7 bullfrogs
  A wyvern zombie (D:6)
  5 scorpions
  14 wights
  2 howler monkeys
  5 crimson imps
  A bullfrog zombie (D:7)
  A quasit (D:10)
  4 hounds
  A centaur zombie (D:6)
  A bullfrog skeleton (D:7)
  An orc priest (D:5)
  4 orc wizards
  Ijyb (D:4)
  An iguana (D:9)
  Natasha (twice) (D:2)
  5 worker ants
  3 big kobold zombies (Sewer)
  2 hound zombies
  7 gnolls
  2 worker ant zombies
  14 adders
  A river rat (D:4)
  5 shadow imps
  4 ufetubi (Sewer)
  5 oozes
  An adder zombie (Sewer)
  2 worms
  3 dart slugs
  5 leopard geckos
  15 orcs
  3 giant cockroaches
  4 goblins
  8 hobgoblins
  6 jackals
  2 quokkas
  3 ball pythons (Sewer)
  5 bats
  3 frilled lizards
  2 giant cockroach zombies (Sewer)
  2 jackal skeletons
  18 kobolds
  A kobold zombie (Sewer)
  A leopard gecko skeleton (D:3)
  A quokka zombie (D:3)
  8 rats
226 creatures vanquished.

Vanquished Creatures (others)
  2 plants (D:10)
2 creatures vanquished.

Grand Total: 228 creatures vanquished

Notes
Turn   | Place    | Note
-------+----------+-------------------------------------------
     0 | D:1      | Bluestream the Hill Orc Berserker began the quest for the
                  | Orb.
     0 | D:1      | Reached XP level 1. HP: 19/19 MP: 1/1
   190 | D:1      | Reached XP level 2. HP: 15/27 MP: 2/2
   753 | D:2      | Reached XP level 3. HP: 28/33 MP: 3/3
   861 | D:2      | Found a shimmering altar of Xom.
   867 | D:2      | Found a basalt altar of Yredelemnul.
   867 | D:2      | Found an opulent altar of Gozag.
   933 | D:2      | Reached ** piety under Trog
   933 | D:2      | Reached skill level 5 in Axes
  1168 | D:2      | Noticed Natasha
  1173 | D:2      | Killed Natasha
  1173 | D:2      | Reached XP level 4. HP: 41/41 MP: 4/4
  1350 | D:2      | Found a stormy altar of Qazlal.
  1558 | D:2      | Noticed Natasha
  1577 | D:2      | Killed Natasha
  1577 | D:2      | Reached skill level 6 in Axes
  1864 | D:3      | Reached XP level 5. HP: 36/47 MP: 5/5
  2530 | D:3      | Found a runed translucent gate.
  2531 | D:3      | Found a runed translucent gate.
  2531 | D:3      | Found a runed translucent gate.
  2532 | D:3      | Noticed dasteron's ghost (amateur HOFi)
  2543 | D:3      | Found a shimmering blue altar of Sif Muna.
  3736 | D:4      | Noticed Grinder
  3744 | D:4      | Killed Grinder
  3744 | D:4      | Reached skill level 5 in Fighting
  3744 | D:4      | Reached skill level 7 in Axes
  3744 | D:4      | Reached XP level 6. HP: 56/56 MP: 6/6
  3797 | D:4      | Noticed Ijyb
  3803 | D:4      | Reached *** piety under Trog
  3808 | D:4      | Reached skill level 8 in Axes
  3809 | D:4      | Killed Ijyb
  3811 | D:4      | Reached XP level 7. HP: 47/62 MP: 7/7
  3987 | D:4      | Noticed Edmund
  4003 | D:4      | Killed Edmund
  4252 | D:4      | Found a glowing drain.
  4261 | Sewer    | Entered a sewer
  4374 | Sewer    | Reached skill level 9 in Axes
  4432 | Sewer    | Found an ancient bone altar of Kikubaaqudgha.
  4549 | Sewer    | Reached XP level 8. HP: 69/71 MP: 8/8
  4897 | D:4      | Reached skill level 10 in Axes
  4960 | D:4      | Reached **** piety under Trog
  5070 | D:4      | Found Dushienugo's Armour Shop.
  5220 | D:5      | Entered Level 5 of the Dungeon
  5255 | D:5      | Found a radiant altar of Vehumet.
  5258 | D:5      | Found an ancient bone altar of Kikubaaqudgha.
  5261 | D:5      | Found a glowing silver altar of Zin.
  5264 | D:5      | Found a white marble altar of Elyvilon.
  5636 | D:5      | Reached skill level 1 in Shields
  5692 | D:5      | Found a staircase to the Ecumenical Temple.
  5789 | D:5      | Found a blossoming altar of Fedhas.
  6151 | D:6      | Reached skill level 11 in Axes
  6430 | D:6      | Reached XP level 9. HP: 76/80 MP: 9/9
  7437 | D:7      | Reached skill level 1 in Stealth
  7723 | D:7      | Found a hide-covered altar of Uskayaw.
  7924 | D:7      | Reached skill level 5 in Armour
  8400 | D:7      | Reached skill level 12 in Axes
  8755 | D:7      | Noticed a hornet
  8763 | D:7      | Paralysed by a hornet for 3 turns
  8768 | D:7      | Killed a hornet
  9488 | D:8      | Reached XP level 10. HP: 81/91 MP: 10/10
  9517 | D:8      | Reached ***** piety under Trog
  9642 | D:8      | Found Eham's General Store.
  9657 | D:8      | Bought a scroll of identify for 24 gold pieces
  9777 | D:8      | Found a sparkling altar of Nemelex Xobeh.
  9930 | D:9      | Noticed a two-headed ogre
  9931 | D:9      | Noticed a two-headed ogre
  9936 | D:9      | Killed a two-headed ogre
  9936 | D:9      | Reached skill level 13 in Axes
  9943 | D:9      | Killed a two-headed ogre
 10000 | D:9      | Got a vibrating ivory ring
 10006 | D:9      | Reached skill level 10 in Fighting
 10269 | D:9      | Reached skill level 14 in Axes
 10483 | D:9      | Found an ornate altar of the Wu Jian Council.
 10526 | D:9      | Reached skill level 5 in Shields
 10649 | D:9      | Noticed a two-headed ogre
 10662 | D:9      | Killed a two-headed ogre
 10662 | D:9      | Reached XP level 11. HP: 40/101 MP: 11/11
 11032 | D:10     | Entered Level 10 of the Dungeon
 11084 | D:10     | Noticed a four-headed hydra
 11084 | D:10     | Noticed an ogre mage
 11098 | D:10     | Noticed a deep elf mage
 11111 | D:10     | HP: 3/101 [12-headed hydra (11)]
 11545 | D:10     | Found a staircase to the Lair.
 11610 | D:10     | Killed an unseen horror
 11793 | D:10     | Killed an ogre mage
 11939 | D:10     | Killed a deep elf mage
 12007 | D:10     | Noticed a sun demon
 12010 | D:10     | Noticed a soul eater
 12010 | D:10     | Mangled by a sun demon

Levels and vault maps discovered:
D:1:      saegor_arrival_miasma, layout_loops_ring, hangedman_decor_points
D:2:      layout_loops_ring, old_standard_altar, grunt_temple_overflow_open,
          first_ration, uniq_natasha
D:3:      layout_loops_ring, lemuel_crystal_altar, gammafunk_ghost_necromancy
D:4:      layout_rooms, serial_shops, shop, gup_sewer_entry_bowl, uniq_ijyb,
          uniq_grinder, uniq_edmund
D:5:      layout_basic, kennysheep_mini_moat, grunt_temple_overflow_cloverleaf,
          minmay_temple_entry_drinking_statues
D:6:      layout_basic, minmay_circle_x
D:7:      layout_layer_cave, eat_drink_and_be_merry_uskayaw, the_bakery,
          minmay_increasing_density
D:8:      layout_cave_pools, nemelex_xobeh_ov_fountains_minmay, serial_shops,
          shop, nicolae_wwwww
D:9:      layout_cave_pools, lemuel_doored_altar,
          minmay_fractal_squares_gapless_7
D:10:     minmay_the_grid_triangle_9x9_recursive_2_mashed
          [minmay_the_grid_triangle_9x9_prize_schism,
          minmay_the_grid_triangle_9x9_limited_checkers,
          minmay_the_grid_triangle_9x9_odd_lines,
          minmay_the_grid_triangle_9x9_pentomino_pain], layout_basic,
          david_lair_shrubbed

Skill      XL: |  1  2  3  4  5  6  7  8  9 10 11 |
---------------+----------------------------------+-----
Fighting       | 4 5 6 7 9 10 11 | 11.5
Axes           | 5 6 7 8 9 11 12 14 | 14.6
Dodging        | 2 3 |  3.6
Armour         | 4 5 6 7 |  7.1
Shields        | 2 3 5 6 |  6.1
Stealth        | 1 |  1.2

Action                   |  1- 3 |  4- 6 |  7- 9 | 10-12 || total
-------------------------+-------+-------+-------+-------++-------
Melee: Hand axe          |    72 |   139 |   258 |   204 ||   673
       War axe           |       |       |   173 |    65 ||   238
Invok: Berserk           |       |     5 |     9 |     6 ||    20
  Use: Scroll            |     3 |     3 |       |    18 ||    24
  Eat: Chunk             |       |     7 |    20 |    12 ||    39
       Ration            |       |     2 |     2 |       ||     4
Armor: Animal skin       |    17 |    15 |       |       ||    32
       Leather armour    |       |       |    12 |       ||    12
       Ring mail         |       |       |    60 |     3 ||    63
       Chain mail        |       |       |       |    56 ||    56
Dodge: Dodged            |    44 |    81 |   110 |    59 ||   294
Block: Large shield      |       |       |   180 |   188 ||   368
